 Dungeon Crawl Stone Soup version 0.28.0-49-g6dfe1f597d (webtiles) character file.

Game seed: 16526027239823400395

250 mortz the Conjurer (level 5, 0/28 HPs)
             Began as a Deep Elf Conjurer on May 16, 2022.
             Was an Initiate of Sif Muna.
             Slain by Pikel
             ... wielding a +2 whip of freezing
              (2 damage)
             ... on level 5 of the Dungeon.
             The game lasted 00:19:36 (3527 turns).

mortz the Conjurer (Deep Elf Conjurer)              Turns: 3527, Time: 00:19:37

Health: 0/28       AC:  4    Str:  4    XL:     5   Next: 88%
Magic:  6/13       EV: 12    Int: 25    God:    Sif Muna [......]
Gold:   275        SH:  0    Dex: 16    Spells: 10/13 levels left

rFire   . . .      SeeInvis .   u - +10 spear of the Saving Weasel {pain, Dex+3, polearm}
rCold   . . .      Faith    .   (no shield)
rNeg    . . .      Spirit   .   t - +0 leather armour
rPois   .          Reflect  .   (no helmet)
rElec   .          Harm     .   (no cloak)
rCorr   .          Rampage  .   (no gloves)
Will    .....                   p - +0 pair of boots
Stlth   ++........              (no amulet)
HPRegen 0.09/turn               (no ring)
MPRegen 0.13/turn               (no ring)

@: no status effects
A: no striking features
a: Renounce Religion


You were on level 5 of the Dungeon.
You worshipped Sif Muna.
Sif Muna was noncommittal.
You visited 1 branch of the dungeon, and saw 5 of its levels.

You collected 275 gold pieces.


   Skills:
 + Level 2.9 Dodging
 + Level 3.5 Stealth
 + Level 4.6 Spellcasting
 + Level 6.3 Conjurations
 * Level 0.2 Necromancy
 * Level 2.0 Translocations


You had 10 spell levels left.
You knew the following spells:

 Your Spells              Type           Power      Damage    Failure   Level
a - Magic Dart            Conj           100%       1d8       1%          1
b - Searing Ray           Conj           74%        2d7       1%          2

Your spell library contained the following spells:

 Spells                   Type           Power      Damage    Failure   Level
 Dazzling Flash           Conj/Hex       42%        N/A       13%         3
 Sublimation of Blood     Necr           6%         N/A       22%         2
 Wereblood                Tmut           5%         N/A       24%         2
 Iskenderun's Mystic Bla  Conj/Tloc      26%        2d7       28%         4
 Fulminant Prism          Conj/Hex       10%        3d9       38%         4
 Summon Hydra             Summ           2%         N/A       100%        7

Inventory:

Hand Weapons
 b - a +0 short sword {short}
   (You took it off a kobold on level 1 of the Dungeon)
 h - a +2 dagger of draining {short}
   (You took it off a goblin on level 2 of the Dungeon)
 u - the +10 spear of the Saving Weasel (weapon) {pain, Dex+3, polearm}
   (You found it on level 4 of the Dungeon)

   In the hands of one skilled in necromantic magic, it inflicts extra damage on
   living creatures.
   Dex:       It affects your dexterity (+3).
Missiles
 f - 105 stones {throwing}
 n - 9 poisoned darts {throwing}
 v - 3 boomerangs {throwing}
Armour
 a - a +0 robe
 p - a +0 pair of boots (worn)
   (You found it on level 3 of the Dungeon)
 t - a +0 leather armour (worn)
   (You took it off an orc on level 4 of the Dungeon)
Jewellery
 e - a ring of magical power
   (You found it on level 1 of the Dungeon)
Scrolls
 d - a scroll of enchant armour {unknown}
 g - a scroll of magic mapping {unknown}
 k - a scroll of amnesia {unknown}
 m - a scroll of torment {unknown}
 s - a scroll of identify {unknown}
Potions
 c - 2 potions of curing {unknown}
 i - a potion of resistance {unknown}
 j - a potion of ambrosia {unknown}
 l - a potion of brilliance {unknown}
 o - a potion of haste {unknown}
 q - a potion of might {unknown}
 r - a potion of berserk rage {unknown}

Dungeon Overview and Level Annotations

Branches:
Dungeon (5/15)
 Temple: D:4-7

Altars:
Ashenzari
Cheibriados
Nemelex Xobeh
Sif Muna
Uskayaw

Annotations:
D:4 exclusions: necrophage and phantom
D:5 exclusion: ice beast, Pikel, Prince Ribbit

#5#5...... ....#.#.#. #
#.#....... #.########
#.#.#.#.#.#
.........####.#........
..........55....#.#.#.#
#.........5...#.......
########5######.##.#####
#55K@............
#####..<.........
##.#####.##..#.#### ##.
#.......#.........# ..Y.
#..#####.##..#.##.#..##.
..#####.##..#.##.......
..............####..##.
..#####.###.### ..# #..#
#.# .#


You could see Pikel and 3 lemures.


Message History

Reach: u) +10 spear of the Saving Weasel {pain, Dex+3, polearm}
Press: ? - help, Dir - move target, f - orc
Aim: an orc, wielding a +0 war axe and quivering poisoned darts (about 29% to evade the +10 spear of the Saving Weasel)
You reach to attack!
You hit the orc. You puncture the orc!
You kill the orc!
Sif Muna accepts your kill. The orc barely misses you.
You puncture the orc!
You kill the orc!
Sif Muna accepts your kill.
n - 9 poisoned darts {throwing} (gained 3)
c - 2 murky purple potions (gained 1)
Items here: ))) [[ ††.
Okay, then.
v - 3 boomerangs {throwing} You see here a +0 mace {mace}.
Partly explored, can't reach some places.
There is a stone staircase leading down here.
You climb downwards.
There is a stone staircase leading up here.
You now have 275 gold pieces (gained 8).
An ice beast comes into view.
Press: ? - help, . - travel You can't see that place. [the floor.] Placed new exclusion.
Prince Ribbit comes into view.
Press: ? - help, . - travel You can't see that place. [the floor.] Placed new exclusion.
A lemure comes into view.
Press: ? - help, . - travel You can't see that place. [the floor.] Placed new exclusion.
A lemure comes into view.
The lemure shouts!
You hear a shout!
A lemure comes into view.
Pikel, Merchant of Souls comes into view.
He is wielding a +2 whip of freezing.
Press: ? - help, . - travel You can't see that place. [the floor.] Reduced exclusion size to a single square.
Removed exclusion.
Aiming: Magic Dart (safe; 1% risk of failure)
Press: ? - help, Q - select action, (/) - cycle Shift-Dir - straight line, f - Pikel
Aim: Pikel, wielding a +2 whip of freezing and wearing a +0 robe (wandering, hasn't noticed you, 100% to hit)
The magic dart hits Pikel.
Pikel shouts! 😎 MP[-1]
You lost 1 mp, and now have 12/13 mp.
Aiming: Magic Dart (safe; 1% risk of failure)
Press: ? - help, Q - select action, (/) - cycle Shift-Dir - straight line, f/p - Pikel
Aim: Pikel, wielding a +2 whip of freezing and wearing a +0 robe (lightly wounded, 100% to hit)
The magic dart hits Pikel but does no damage. 😎 MP[-1]
You lost 1 mp, and now have 11/13 mp.
Casting: Magic Dart (safe; 1% risk of failure)
Confirm with . or Enter, or press ? or * to list all spells.
Aiming: Searing Ray (safe; 1% risk of failure)
Press: ? - help, Shift-Dir - straight line, f/p - Pikel
Aim: Pikel, wielding a +2 whip of freezing and wearing a +0 robe (76% to hit)
The searing ray hits Pikel but does no damage. (Press . to maintain the ray.) 😎 MP[-2]
You lost 2 mp, and now have 9/13 mp.
The searing ray hits Pikel but does no damage. 😎 MP[-1]
You lost 1 mp, and now have 8/13 mp.
The searing ray misses Pikel. 😎 MP[-1]
You lost 1 mp, and now have 7/13 mp. 😎 MP[+1]
Casting: Searing Ray (safe; 1% risk of failure)
Confirm with . or Enter, or press ? or * to list all spells.
Okay, then.
You barely miss Pikel.
Pikel hits you with a +2 whip of freezing!
Pikel freezes you.
* * * LOW HITPOINT WARNING * * *
Pikel hits you with a +2 whip of freezing.
* * * LOW HITPOINT WARNING * * *
Pikel freezes you.
* * * LOW HITPOINT WARNING * * *
😱 HP[-21]
You take 21 damage, and now have 7/28 hp.
MASSIVE DAMAGE!! (PAUSE)
Casting: Searing Ray (safe; 1% risk of failure)
Confirm with . or Enter, or press ? or * to list all spells.
Aiming: Searing Ray (safe; 1% risk of failure)
Press: ? - help, Shift-Dir - straight line, f/p - Pikel
Aim: Pikel, wielding a +2 whip of freezing and wearing a +0 robe (76% to hit)
The searing ray hits Pikel.
The searing ray hits the lemure. x2 (Press . to maintain the ray.) Pikel hits you with a +2 whip of freezing.
* * * LOW HITPOINT WARNING * * *
Pikel freezes you.
You die...

Skill      XL: |  1  2  3  4  5 |
---------------+----------------+-----
Conjurations   | 5 6 |  6.3
Translocations | 1 2 |  2.0
Spellcasting   | 4 |  4.6
Stealth        | 3 |  3.5
Dodging        | |  2.9
Necromancy     | |  0.2

Action                   |  1- 3 |  4- 6 || total
-------------------------+-------+-------++-------
Melee: Dagger            |     6 |       ||     6
       Spear             |       |     9 ||     9
 Cast: Magic Dart        |    60 |    30 ||    90
       Searing Ray       |     2 |    11 ||    13
Armor: Robe              |     2 |       ||     2
       Leather armour    |       |     2 ||     2
Dodge: Dodged            |     4 |     6 ||    10

Levels and vault maps discovered:
D:1:      eino_arrival_water_cross, layout_basic, basic_ecumenical_altar
D:2:      layout_rooms
D:3:      layout_basic, tgw_sif, grunt_temple_overflow_open,
          minmay_gold_behind_fungi, minmay_surrounded
D:4:      layout_cave_pools, minmay_door_square
D:5:      layout_loops_ring, nicolae_elyvilon_temple_path, zin_angel,
          minmay_temple_entry_wispy, serial_glass, glass_columns_c,
          glass_columns_a, roderic_lattice_a, uniq_eustachio,
          uniq_prince_ribbit1, uniq_pikel

Notes
Turn   | Place    | Note
-------+----------+-------------------------------------------
     0 | D:1      | mortz the Deep Elf Conjurer began the quest for the Orb.
     0 | D:1      | Reached XP level 1. HP: 10/10 MP: 6/6
     0 | D:1      | magus.rc [v1.9.6]
   304 | D:1      | Reached XP level 2. HP: 6/15 MP: 2/8
   821 | D:1      | Learned a level 2 spell: Searing Ray
   922 | D:1      | Reached skill level 5 in Conjurations
   930 | D:1      | Found a faded altar of an unknown god.
  1116 | D:2      | Reached XP level 3. HP: 19/19 MP: 6/9
  1475 | D:2      | You pick up a book of Blood and begin reading...
  1475 | D:2      | You add the spells Sublimation of Blood, Wereblood and
                  | Summon Hydra to your library.
  1895 | D:3      | Reached XP level 4. HP: 24/24 MP: 5/11
  2083 | D:3      | Found a broken altar of Ashenzari.
  2084 | D:3      | Found a sparkling altar of Nemelex Xobeh.
  2120 | D:3      | Found a hide-covered altar of Uskayaw.
  2120 | D:3      | Found a snail-covered altar of Cheibriados.
  2337 | D:3      | Reached skill level 1 in Translocations
  2382 | D:3      | magus.rc [v1.9.6]
  2704 | D:3      | Noticed Jessica
  2713 | D:3      | Killed Jessica
  2714 | D:3      | Reached skill level 4 in Spellcasting
  2791 | D:3      | Found a shimmering blue altar of Sif Muna.
  2799 | D:3      | Became a worshipper of Sif Muna the Loreminder
  2903 | D:4      | Noticed an ogre
  2916 | D:4      | Killed an ogre
  2917 | D:4      | Reached skill level 3 in Stealth
  2917 | D:4      | Reached skill level 6 in Conjurations
  2917 | D:4      | Reached XP level 5. HP: 28/28 MP: 5/13
  3142 | D:4      | Noticed a phantom
  3169 | D:4      | Reached skill level 2 in Translocations
  3307 | D:4      | Identified the +10 spear of the Saving Weasel {pain, Dex+3}
  3417 | D:4      | Noticed a necrophage
  3464 | D:5      | Entered Level 5 of the Dungeon
  3474 | D:5      | Noticed an ice beast
  3487 | D:5      | Noticed Prince Ribbit
  3507 | D:5      | Noticed a lemure
  3511 | D:5      | Noticed a lemure
  3511 | D:5      | Noticed a lemure
  3513 | D:5      | Noticed Pikel
  3526 | D:5      | HP: 7/28 [Pikel/+2 whip of freezing (1)]
  3527 | D:5      | HP: 2/28 [Pikel/+2 whip of freezing (5)]
  3527 | D:5      | Slain by Pikel

Vanquished Creatures
  An ogre (D:4)
  Jessica (D:3)
  An iguana (D:4)
  5 adders
  2 dart slugs
  7 orcs (D:4)
  5 ball pythons
  3 endoplasms
  2 giant cockroaches (D:3)
  4 goblins
  6 hobgoblins
  2 jackals (D:2)
  7 kobolds
  A quokka (D:1)
  6 bats
  2 frilled lizards
  4 rats
59 creatures vanquished.

Vanquished Creatures (others)
  9 fungi (D:3)
  3 toadstools (D:3)
12 creatures vanquished.

Grand Total: 71 creatures vanquished

Table legend:
 A = Non-vault XP
 B = Vault XP
 C = Vault XP percentage of total XP
 D = Non-vault monster count
 E = Vault monster count
 F = Vault count percentage of total count
                 A         B        C        D         E       F
            +---------+---------+-------+---------+---------+-------
      Total |     303 |      55 |  15.4 |      54 |       5 |   8.5
            +---------+---------+-------+---------+---------+-------
        D:1 |      23 |       0 |   0.0 |      13 |       0 |   0.0
        D:2 |      53 |       0 |   0.0 |      17 |       0 |   0.0
        D:3 |      47 |      55 |  53.9 |      14 |       5 |  26.3
        D:4 |     180 |       0 |   0.0 |      10 |       0 |   0.0
            +---------+---------+-------+---------+---------+-------

Illustrated notes

Table legend:
 A = Kills in this place as a percentage of kills in entire the game.
 B = Kills by you in this place as a percentage of kills by you in the entire game.
 C = Kills by friends in this place as a percentage of kills by friends in the entire game.
 D = Other kills in this place as a percentage of other kills in the entire game.
 E = Experience gained in this place as a percentage of experience gained in the entire game.
 F = Experience gained in this place divided by the number of levels of this place that you have seen.
                   A       B       C       D       E      F
               +-------+-------+-------+-------+-------+----------------------
         Total | 100.0 | 100.0 |   N/A |   N/A | 100.0 |  71.6
       Dungeon | 100.0 | 100.0 |   N/A |   N/A | 100.0 |  71.6
               +-------+-------+-------+-------+-------+----------------------

Table legend: (Time is in decaauts)
 A = Elapsed time spent in this place.
 B = Non-inter-level travel time spent in this place.
 C = Inter-level travel time spent in this place.
 D = Time resting spent in this place.
 E = Time spent auto-exploring this place.
 F = Levels seen in this place.
 G = Mean time per level.
                   A        B        C        D        E       F      G
               +--------+--------+--------+--------+--------+-----+--------+
         Total |   3525 |   3300 |    225 |    257 |   2681 |   5 |  705.0 |
       Dungeon |   3525 |   3300 |    225 |    257 |   2681 |   5 |  705.0 |
               +--------+--------+--------+--------+--------+-----+--------+

Top non-repeatable levels by time:
     D:3: 1142 daAuts
     D:1: 1017 daAuts
     D:2: 674 daAuts
     D:4: 628 daAuts
     D:5: 62 daAuts
